 Dungeon Crawl Stone Soup version 0.23.2-30-g0e89c35649 (webtiles) character file.

Game seed: 8319539064568460036

105 Revguard the Cudgeler (level 4, -2/35 HPs)
             Began as a Demonspawn Chaos Knight on June 19, 2019.
             Was a Plaything of Xom.
             Slain by a bullfrog (7 damage)
             ... on level 3 of the Dungeon.
             The game lasted 00:04:35 (1417 turns).

Revguard the Cudgeler (Demonspawn Chaos Knight)     Turns: 1417, Time: 00:04:35

Health: -2/35      AC:  5    Str: 13    XL:     4   Next: 53%
Magic:  4/4        EV: 17    Int: 13    God:    Xom [.....*]
Gold:   113        SH:  0    Dex: 18    Spells: 3/3 levels left

rFire    . . .     SeeInvis .   a - +0 mace (chaos)
rCold    . . .     Gourm    .   (no shield)
rNeg     . . .     Faith    .   b - +2 leather armour
rPois    .         Spirit   .   (helmet restricted)
rElec    .         Reflect  .   (no cloak)
rCorr    +         Harm     .   (no gloves)
MR       .....                  (no boots)
Stlth    ++........             (no amulet)
HPRegen  0.11/turn              g - ring of resist corrosion
MPRegen  0.09/turn              (no ring)

@: agile, lethally poisoned (-2 -> -12)
A: antennae 1, claws 1, powered by death 1
a: Renounce Religion


You were on level 3 of the Dungeon.
You worshipped Xom.
You were Xom's teddy bear.
You were not hungry.

You visited 1 branch of the dungeon, and saw 3 of its levels.

You collected 113 gold pieces.

Inventory:

Hand Weapons
 a - a +0 mace of chaos (weapon)
Armour
 b - a +2 leather armour (worn)
Jewellery
 g - a ring of resist corrosion (left claw)
Wands
 m - a wand of iceblast (6)
Scrolls
 d - a scroll of blinking {unknown}
 e - a scroll of amnesia {unknown}
 f - 2 scrolls of remove curse
Potions
 j - 2 potions of flight
Comestibles
 c - 5 rations


   Skills:
 + Level 3.5 Fighting
 + Level 3.8 Maces & Flails
 + Level 2.2 Armour
 * Level 1.7 Dodging
 * Level 0.2 Evocations


You had 3 spell levels left.
You didn't know any spells.
Your spell library was empty.

Dungeon Overview and Level Annotations

Branches:
Dungeon (3/15)

Altars:
Gozag
Nemelex Xobeh
Xom


Innate Abilities, Weirdness & Mutations

You have a pair of small antennae on your head.
You have sharp fingernails.
You regenerate a little health from kills.


Message History

The worm bites you. The adder bites you.
* * * LOW HITPOINT WARNING * * *
The bullfrog barely misses you.
A kobold comes into view.
You feel sick.
You kill the worm!
The adder bites you.
* * * LOW HITPOINT WARNING * * *
You are lethally poisoned!
The adder poisons you!
The bullfrog hits you but does no damage.
* * * LOW HITPOINT WARNING * * *
You feel sick.
There is a shimmering altar of Xom here.
You feel agile all of a sudden.
* * * LOW HITPOINT WARNING * * *
You feel sick. The bullfrog hits you!
You die...
Xom laughs nastily!

####.........
##............
##.............
#..............
#.#............
####.#........#.##
###....#..........##
#....###.........###
#.#@..............##
#####.#F######....###.##
.......S##..###...# ...
.............###..# ...
.......l..#...##.## .≈≈
.........## ..#.# .≈≈
........## #.# ≈
>......K# #.# ........#


You could see a bullfrog, an adder, a kobold and a frilled lizard.

Vanquished Creatures
  A crimson imp (D:2)
  An adder (D:2)
  An ooze (D:1)
  A worm (D:3)
  2 leopard geckos (D:2)
  2 ball pythons
  4 bats
  A giant cockroach (D:1)
  10 goblins
  5 hobgoblins
  8 jackals (D:2)
  2 frilled lizards (D:1)
  3 kobolds (D:1)
  7 rats
48 creatures vanquished.

Vanquished Creatures (collateral kills)
  A frilled lizard (D:2)
1 creature vanquished.

Grand Total: 49 creatures vanquished

Notes
Turn   | Place    | Note
-------+----------+-------------------------------------------
     0 | D:1      | Revguard the Demonspawn Chaos Knight began the quest for
                  | the Orb.
     0 | D:1      | Reached XP level 1. HP: 18/18 MP: 1/1
    33 | D:1      | XOM: silly message
   153 | D:1      | Gained mutation: You regenerate a little health from kills.
                  | [demonic ancestry]
   153 | D:1      | Reached XP level 2. HP: 20/24 MP: 2/2
   750 | D:2      | Reached skill level 1 in Dodging
   757 | D:2      | Gained mutation: You have a pair of small antennae on your
                  | head. [demonic ancestry]
   757 | D:2      | Reached XP level 3. HP: 25/29 MP: 3/3
   768 | D:2      | Found an opulent altar of Gozag.
   768 | D:2      | Found a sparkling altar of Nemelex Xobeh.
   788 | D:2      | Gained mutation: You have sharp fingernails. [demonic
                  | ancestry]
   788 | D:2      | Reached XP level 4. HP: 35/35 MP: 4/4
  1408 | D:3      | XOM: scenery: create altars
  1408 | D:3      | Noticed a bullfrog
  1417 | D:3      | Slain by a bullfrog

Skill      XL: |  1  2 |
---------------+-------+-----
Maces & Flails | 3 |  3.8
Armour         | 2 |  2.2
Dodging        | 1 |  1.7
Fighting       | |  3.5
Evocations     | |  0.2

Action                   |  1- 3 |  4- 6 || total
-------------------------+-------+-------++-------
Melee: Mace              |    62 |    59 ||   121
  Use: Scroll            |       |     7 ||     7
       Potion            |       |     2 ||     2
 Stab: Paralysed         |       |     1 ||     1
  Eat: Chunk             |       |     2 ||     2
Armor: Leather armour    |    23 |    50 ||    73
Dodge: Dodged            |    52 |    84 ||   136
